Description

ASUS ROG ByuN vs Solar Standard Build. Cloaked banshee/Hellion into Timing Attack

Replay - ByuN v Solar: Game 1 - Oxide LE

Build Order

Get SALT Encoding   

  12  0:00  SCV  
  13  0:12  SCV  
  14  0:17  Supply Depot  
  14  0:24  SCV  
  15  0:38  SCV  
  15  0:39  Barracks  
  15  0:42  Refinery  
  16  0:50  SCV  
  17  1:03  SCV  
  18  1:15  SCV  
  19  1:25  Reaper  
  19  1:27  Orbital Command  
  20  1:38  Command Center  
  20  1:47  Supply Depot  
  20  1:52  SCV  
  21  1:57  Marine  
  22  2:02  Factory  
  22  2:05  SCV  
  23  2:10  Refinery  
  23  2:18  SCV  
  23  2:19  Marine  
  25  2:30  SCV  
  26  2:37  Barracks Reactor  
  26  2:42  SCV  
  27  2:46  Hellion  
  27  2:48  Starport  
  27  2:51  Orbital Command  
  29  2:54  SCV  
  29  3:16  SCV x2  
  29  3:18  Hellion x2  
  35  3:22  Marine  
  35  3:24  Medivac  
  38  3:27  Armory  
  38  3:29  SCV x2  
  38  3:32  Supply Depot  
  40  3:39  Marine  
  40  3:40  Hellion x2  
  45  3:45  SCV  
  46  3:50  Supply Depot  
  46  3:56  SCV x2  
  46  3:58  Starport Tech Lab  
  46  4:02  Hellion x2  
  52  4:09  SCV x2  
  54  4:12  Supply Depot  
  54  4:16  Banshee  
  57  4:21  SCV x2  
  59  4:26  Hellion  
  61  4:33  SCV x2  
  61  4:34  Hellion  
  65  4:42  Command Center  
  65  4:48  Supply Depot, SCV, Barracks Tech Lab  
  66  5:01  Barracks x2  
  66  5:02  Factory Reactor  
  66  5:03  SCV x2  
  66  5:06  Marine  
  69  5:10  Supply Depot  
  69  5:15  SCV x2  
  71  5:24  Marine  
  71  5:27  Stimpack  
  71  5:28  SCV x2  
  67  5:32  Starport Reactor  
  67  5:33  Refinery x2  
  68  5:36  Engineering Bay x2  
  68  5:40  SCV  
  68  5:42  Marine  
  70  5:47  SCV  
  71  5:52  SCV, Barracks  
  71  5:54  Factory Reactor  
  71  5:55  Orbital Command, Marine x3  
  74  5:59  SCV  
  76  6:04  Terran Infantry Weapons Level 1, Terran Infantry Armor Level 1  
  76  6:05  SCV  
  77  6:13  Marine x3  
  77  6:15  Barracks  
  77  6:18  SCV x2  
  82  6:24  Orbital Command  
  82  6:30  Marine x3  
  86  6:33  Supply Depot x2, Widow Mine x2, Medivac x2  
  86  6:35  SCV x2  
  95  6:40  Marine  
  95  6:41  Barracks Reactor  
  96  6:47  SCV x3  
  96  6:48  Marine x2  
  101  6:54  Marine x3  
  101  6:59  SCV x3  
  101  7:00  Supply Depot x3  
  106  7:02  Barracks Reactor  
  106  7:06  Marine x2  
  109  7:12  Refinery, SCV x3, Marauder, Factory  
  109  7:14  Marine x3  
  115  7:17  Combat Shield  
  115  7:22  Widow Mine  
  119  7:24  Marine x2  
  119  7:25  Supply Depot x2  
  119  7:28  SCV x3  
  124  7:34  Marauder, Marine x4  
  130  7:41  Medivac x2  
  130  7:42  Marine x4  
  138  7:48  SCV x3  
  138  7:49  Supply Depot x3  
  141  7:55  Marauder  
  141  7:56  Factory Tech Lab, Missile Turret x2  
  143  8:00  SCV x2  
  143  8:05  Widow Mine x2  
  146  8:08  Marine x6  
  153  8:13  Terran Infantry Armor Level 2  
  153  8:15  Terran Infantry Weapons Level 2  
  153  8:17  Marauder, Missile Turret  
  154  8:23  Widow Mine x2  
  158  8:30  Marine x8  
  166  8:35  Widow Mine  
  166  8:38  Marauder  
  166  8:40  Concussive Shells  
  166  8:41  Drilling Claws  
  166  8:44  Thor  
  169  8:57  Command Center  
  169  8:59  Marauder  
  169  9:00  Marine x3  
  169  9:01  Widow Mine x2  
  157  9:04  Medivac x2  
  161  9:10  Sensor Tower  
  161  9:12  Marine x5  
  166  9:18  Marine  
  166  9:21  Marauder  
  166  9:23  Widow Mine x2  
  173  9:29  Thor  
  173  9:30  Missile Turret  
  178  9:33  Marine x3  
  178  9:34  Medivac  
  181  9:39  Marine  
  181  9:43  Supply Depot x2  
  180  9:46  Barracks Reactor x2  
  180  9:49  Medivac  
  180  9:54  Barracks x3  
  180  9:56  Missile Turret  
Spawning Tool Build Advisor. Get it on Overwolf

Go to:

Details

  • Created by: Livibee     
  • Published on: Feb 05, 2021
  • Modified on: Feb 05, 2021
  • Patch: 4.11.0
  • Difficulty: Hard
Show
View Real Time Build Order
Export as new Build Order

Comments (0)

There are no comments. Be the first!

Create an account to comment!